AoeStats
← Lazy Dog

Arabia

510406524Analyzed
2v2 RM · 15h ago on Sep 30, 2026· 32m 37s· 4 players
Game mode
Random Map
Map size
Medium (4 player)
Population
200
Speed
Normal
Resources
Standard
Victory
Conquest
Starting age
Dark Age
Ending age
Imperial Age
RankedLock teamsTeams togetherTeam positionsShared explorationLock speedFull tech treeHidden civsTurbo modeCheats
Victory
Defeat
🇦🇺 Bulgarians · Australia
1161
+17
🇧🇪 Ethiopians · Belgium
1105
+18
🇬🇧 Romans · United Kingdom
1184
-18
🇺🇸 Maya · United States
1164
-17
CHUPA <AUS>
0:58 Loom
11:33 Feudal Age
12:15 Horse Collar
12:20 Double-Bit Axe
17:21 Bloodlines
18:51 Forging
19:34 Scale Barding Armor
20:38 Bloodlines
26:37 Castle Age
26:07 Scale Mail Armor
26:06 Gold Mining
26:58 Wheelbarrow
27:02 Arson
28:04 Heavy Plow
28:17 Bow Saw
28:44 Iron Casting
28:30 Chain Barding Armor
28:01 Fletching
28:27 Chain Mail Armor
31:29 Gambesons
31:45 Squires
33:05 Husbandry
El tigre Abelardo
4:50 Loom
10:46 Feudal Age
11:49 Double-Bit Axe
12:25 Fletching
23:18 Castle Age
21:36 Padded Archer Armor
21:36 Gold Mining
23:19 Crossbowman
23:59 Bodkin Arrow
24:26 Thumb Ring
25:50 Leather Archer Armor
27:18 Ballistics
27:29 Bow Saw
29:58 Town Watch
30:49 Wheelbarrow
35:35 Imperial Age
Lazy Dog
3:22 Loom
6:35 Loom
9:39 Feudal Age
10:33 Double-Bit Axe
10:32 Man-at-Arms
13:21 Scale Mail Armor
21:12 Wheelbarrow
20:44 Fletching
21:35 Padded Archer Armor
21:49 Forging
25:32 Castle Age
25:35 Elite Skirmisher
25:42 Long Swordsman
26:22 Squires
26:48 Chain Mail Armor
28:46 Leather Archer Armor
28:53 Leather Archer Armor
30:51 Bodkin Arrow
Kazule
0:32 Loom
10:40 Feudal Age
11:47 Double-Bit Axe
16:03 Fletching
20:33 Wheelbarrow
24:02 Castle Age
24:36 Crossbowman
25:15 Bodkin Arrow
29:15 Thumb Ring
30:56 Padded Archer Armor
Connection lost

Rejoining the realm…

Still unreachable

The connection could not be restored.

Session expired

The server has moved on; the page needs a fresh start.